 Dungeon Crawl Stone Soup version 0.24-a0-22-g2a401c0 (webtiles) character file.

Game seed: 16410800349831202638

244 xccam the Poker (level 6, -4/56 HPs)
             Began as a Naga Fighter on Feb 1, 2019.
             Slain by an orc warrior
             ... wielding a +0 war axe
              (15 damage)
             ... on level 4 of the Dungeon.
             The game lasted 00:06:18 (2425 turns).

xccam the Poker (Naga Fighter)                      Turns: 2425, Time: 00:06:19

Health: -4/56      AC:  7    Str: 18 (19) XL:     6   Next: 10%
Magic:  15/15      EV:  5    Int:  8 (9)  God:
Gold:   141        SH:  0    Dex: 10 (11) Spells: 5/5 levels left

rFire    . . .     SeeInvis +   a - +0 trident
rCold    . . .     Gourm    .   c - +0 shield
rNeg     . . .     Faith    .   b - +0 scale mail
rPois    +         Spirit   .   (no helmet)
rElec    .         Reflect  .   v - +0 cloak
rCorr    .         Harm     .   j - +0 pair of gloves
MR       .....                  (no barding)
Stlth    ..........             (no amulet)
HPRegen  0.18/turn              t - ring of magical power
MPRegen  0.14/turn              o - ring of wizardry

@: confused, very slow
A: large, see invisible, deformed body, poison resistance, slowness 2, slow
metabolism 1, spit poison 1, AC +2
a: Spit Poison


You were on level 4 of the Dungeon.
You were hungry.

You visited 1 branch of the dungeon, and saw 4 of its levels.

You collected 141 gold pieces.

Inventory:

Hand Weapons
 a - a +0 trident (weapon)
Armour
 b - a +0 scale mail (worn)
 c - a +0 shield (worn)
 j - a +0 pair of gloves (worn)
 v - a +0 cloak (worn)
Jewellery
 o - a ring of wizardry (right hand)
 t - a ring of magical power (left hand)
Scrolls
 e - 2 scrolls of teleportation
 g - a scroll of enchant weapon {unknown}
 i - a scroll of remove curse
 m - a scroll of fear {unknown}
 r - a scroll of immolation
 s - a scroll of amnesia {unknown}
 u - a scroll of magic mapping {unknown}
Potions
 d - a potion of might
 h - a potion of brilliance
 k - a potion of agility
 p - a potion of haste
Comestibles
 f - 6 rations


   Skills:
 - Level 3.0 Fighting
 + Level 6.2 Polearms
 + Level 2.4 Armour
 + Level 2.4 Shields


You had 5 spell levels left.
You didn't know any spells.
Your spell library was empty.

Dungeon Overview and Level Annotations

Branches:
Dungeon (4/15)
 Temple: D:4-7

Altars:


Innate Abilities, Weirdness & Mutations

You cannot wear boots.
Your serpentine skin is tough. (AC +2)
You have supernaturally acute eyesight. (SInv)
Armour fits poorly on your strangely shaped body.
Your system is resistant to poisons. (rPois)
You cover ground very slowly.
You have a slow metabolism.
You can spit poison.


Message History

The orc warrior hits you with a +0 war axe!
* * * LOW HITPOINT WARNING * * *
You hit the orc warrior but do no damage.
The orc warrior is almost dead.
You block the orc warrior's attack.
You hit the orc warrior but do no damage.
The orc warrior is almost dead.
The orc warrior hits you with a +0 war axe.
* * * LOW HITPOINT WARNING * * *
It was a potion of degeneration.
There was something very wrong with that liquid.
You feel weakened.
You feel dopey.
You feel clumsy.
It was a potion of curing.
You feel better.
The orc warrior hits you with a +0 war axe!
* * * LOW HITPOINT WARNING * * *
It was a potion of ambrosia.
You are confused.
You feel invigorated.
The orc warrior hits you with a +0 war axe!
You die...

##
####################.
#ooo@................
#.o#####.###########.
#.(# #.# ## #..# #.#
#(.# #.# #o..# #.#
.(..... ... #.#....##
#.# #.#.#.## #.#


You could see an orc warrior, an orc wizard and 2 orcs.

Vanquished Creatures
  Crazy Yiuf (D:4)
  A centaur skeleton (D:4)
  4 gnolls (D:3)
  7 adders
  2 oozes
  A worm (D:2)
  3 dart slugs
  2 leopard geckos (D:1)
  An orc (D:3)
  A ball python (D:3)
  4 giant cockroaches
  9 goblins
  9 hobgoblins
  2 jackals (D:4)
  4 kobolds
  9 bats
  2 frilled lizards
  A leopard gecko skeleton (D:4)
  7 rats
70 creatures vanquished.

Notes
Turn   | Place    | Note
-------+----------+-------------------------------------------
     0 | D:1      | xccam the Naga Fighter began the quest for the Orb.
     0 | D:1      | Reached XP level 1. HP: 21/21 MP: 1/1
   123 | D:1      | Reached XP level 2. HP: 28/28 MP: 2/2
   258 | D:1      | Reached skill level 3 in Polearms
   573 | D:2      | Reached XP level 3. HP: 34/34 MP: 3/3
   868 | D:2      | Reached skill level 4 in Polearms
   985 | D:2      | Reached XP level 4. HP: 34/42 MP: 4/4
  1674 | D:3      | Reached skill level 5 in Polearms
  1674 | D:3      | Reached XP level 5. HP: 38/49 MP: 5/5
  2346 | D:4      | Found a runed translucent door.
  2347 | D:4      | Noticed Crazy Yiuf
  2354 | D:4      | Killed Crazy Yiuf
  2354 | D:4      | Reached skill level 6 in Polearms
  2354 | D:4      | Reached XP level 6. HP: 52/56 MP: 6/6
  2410 | D:4      | Noticed an orc warrior
  2425 | D:4      | Slain by an orc warrior

Vault maps used:
D:1:      dpeg_arrival_rhombus
D:4:      nicolae_gozag_zags_fifth_avenue, uniq_crazy_yiuf_cottage

Skill      XL: |  1  2  3  4  5 |
---------------+----------------+-----
Polearms       | 3 4 5 6 |  6.2
Fighting       | |  3.0
Armour         | |  2.4
Shields        | |  2.4

Action                   |  1- 3 |  4- 6 || total
-------------------------+-------+-------++-------
Melee: Trident           |    98 |   173 ||   271
 Abil: Spit Poison       |     1 |     5 ||     6
  Use: Scroll            |       |     5 ||     5
       Potion            |       |     3 ||     3
  Eat: Chunk             |       |     4 ||     4
Armor: Scale mail        |    25 |    62 ||    87
Dodge: Dodged            |    19 |    29 ||    48
Block: Shield            |    30 |    59 ||    89

Table legend:
 A = Non-vault XP
 B = Vault XP
 C = Vault XP percentage of total XP
 D = Non-vault monster count
 E = Vault monster count
 F = Vault count percentage of total count
                 A         B        C        D         E       F
            +---------+---------+-------+---------+---------+-------
      Total |     307 |      42 |  12.0 |      69 |       1 |   1.4
            +---------+---------+-------+---------+---------+-------
        D:1 |      31 |       0 |   0.0 |      14 |       0 |   0.0
        D:2 |      86 |       0 |   0.0 |      25 |       0 |   0.0
        D:3 |     129 |       0 |   0.0 |      24 |       0 |   0.0
        D:4 |      61 |      42 |  40.8 |       6 |       1 |  14.3
            +---------+---------+-------+---------+---------+-------
